 Dungeon Crawl Stone Soup version 0.19-a0-1007-g133f65f (webtiles) character file.

642308 matakusis the Hoplite (level 27, -8/239 (240) HPs)
             Began as a Demonspawn Gladiator on July 18, 2016.
             Was the Champion of Hepliaklqana.
             Killed from afar by a hellion (22 damage)
             ... with damnation
             ... on level 1 of Gehenna on July 20, 2016.
             The game lasted 06:05:40 (59269 turns).

matakusis the Hoplite (Demonspawn Gladiator)       Turns: 59269, Time: 06:05:41

HP:   -8/239 (240)  AC: 46    Str: 36    XL:     27
MP:   23/23         EV: 19    Int: 13    God:    Hepliaklqana [******]
Gold: 9353          SH: 41    Dex: 19    Spells: 0 memorised, 26 levels left

rFire  + + +     SeeInvis .     S - +9 scimitar of Cheibriados's Hatred {venom, rN+ Int+3}
rCold  + + +     Gourm    .     I - +11 plate armour "Zilae" {Int+3 Dex-2 Stlth+}
rNeg   + . .     Faith    .     c - +7 large shield
rPois  +         Spirit   .     H - +2 hat {MR+}
rElec  +         Dismiss  .     j - +2 cloak of Intuition {rPois Slay+2}
rCorr  .         Reflect  +     (gloves unavailable)
SustAt .         Harm     .     u - +0 pair of boots of Ziys {Str+9 Int-3 Dex+3 Stlth-}
MR     +++..                    x - +5 amulet of reflection
Stlth  ..........               v - ring "Mulen" {rElec rC++ Str+3 Int-2 Stlth+}
                                i - +4 ring of slaying

@: studying Dodging, extremely resistant to hostile enchantments, extremely
unstealthy
A: antennae 1, claws 3, talons 1, iridescent scales 3, camouflage 1, clever 1,
cold resistance 1, demonic guardian 3, deterioration 1, fire resistance 3,
passive freeze, powered by death 3, regeneration 1, shaggy fur 2, evolution 1,
freezing cloud immunity
a: Recall Ancestor, Ancestor Identity, Transference, Idealise, Renounce Religion
}: 4/15 runes: decaying, silver, golden, gossamer


You were on level 1 of Gehenna.
You worshipped Hepliaklqana.
Hepliaklqana was exalted by your worship.
You were not hungry.

You visited 13 branches of the dungeon, and saw 51 of its levels.
You visited the Abyss 4 times.
You also visited: Trove, Sewer and Ice Cave.

You collected 12311 gold pieces.
You spent 2958 gold pieces at shops.

Inventory:

Hand Weapons
 S - the +9 scimitar of Cheibriados's Hatred (weapon) {venom, rN+ Int+3}
   (You found it on level 3 of the Tomb of the Ancients)

   It poisons the flesh of those it strikes.
   It affects your intelligence (+3).
   It protects you from negative energy.
 U - a +9 scimitar of protection
Missiles
 d - 8 throwing nets (quivered)
Armour
 c - a +7 large shield (worn)
 j - the +2 cloak of Intuition (worn) {rPois Slay+2}
   (You acquired it in an ice cave)

   It affects your accuracy and damage with ranged weapons and melee attacks
   (+2).
   It protects you from poison.
 u - the +0 pair of boots of Ziys (worn) {Str+9 Int-3 Dex+3 Stlth-}
   (You acquired it in an ice cave)

   It affects your strength (+9).
   It affects your intelligence (-3).
   It affects your dexterity (+3).
   It makes you less stealthy.
 H - a +2 hat of magic resistance (worn)
 I - the +11 plate armour "Zilae" (worn) {Int+3 Dex-2 Stlth+}
   (You found it on level 7 of the Dungeon)

   It affects your intelligence (+3).
   It affects your dexterity (-2).
   It makes you more stealthy.
Jewellery
 i - a +4 ring of slaying (left claw)
 v - the ring "Mulen" (right claw) {rElec rC++ Str+3 Int-2 Stlth+}
   (You found it on level 3 of the Tomb of the Ancients)

   [ring of stealth]

   It affects your strength (+3).
   It affects your intelligence (-2).
   It greatly protects you from cold.
   It insulates you from electricity.
   It makes you more stealthy.
 x - a +5 amulet of reflection (around neck)
 N - an uncursed ring of flight
 Z - the amulet "Tenewim" {rN++ Regen+}
   (You took it off a vampire on level 3 of the Crypt)

   [amulet of regeneration]

   It greatly protects you from negative energy.
   It increases your rate of regeneration.
Wands
 E - a wand of disintegration (22/24)
 G - a wand of teleportation (8/9)
 Q - a wand of digging (16/24)
Scrolls
 e - 7 scrolls of recharging
 k - 21 scrolls of remove curse
 m - 15 scrolls of teleportation
 n - 7 scrolls of fog
 o - a scroll of silence
 p - 10 scrolls of magic mapping
 r - 2 scrolls of identify
 A - a scroll of summoning
 B - a scroll of brand weapon
 C - 8 scrolls of fear
 J - 3 scrolls of enchant weapon
Potions
 h - 19 potions of curing
 s - 9 potions of flight
 z - a potion of invisibility
 K - 2 potions of resistance
 L - a potion of berserk rage
 P - 6 potions of agility
 R - a potion of heal wounds
 W - 2 potions of cancellation
 Y - 7 potions of might
Books
 M - a manual of Dodging
Miscellaneous
 a - a figurine of a ziggurat
 q - a phantom mirror
 t - the horn of Geryon
 w - a fan of gales
 X - 3 boxes of beasts
Comestibles
 f - 28 bread rations
 l - 20 beef jerkies
 D - 18 royal jellies
 V - 21 fruits


   Skills:
 + Level 24.5 Fighting
 + Level 17.0 Long Blades
 - Level 1.7 Throwing
 * Level 17.4 Armour
 + Level 14.0 Dodging
 + Level 25.9 Shields


You had 26 spell levels left.
You didn't know any spells.

Dungeon Overview and Level Annotations

Branches:
Dungeon (15/15)            Temple (1/1) D:4            Lair (6/6) D:9
  Swamp (4/4) Lair:4       Spider (4/4) Lair:3        Slime (0/5) Lair:6
    Orc (2/2) D:12            Elf (3/3) Orc:2        Vaults (5/5) D:13
  Crypt (3/3) Vaults:3       Tomb (3/3) Crypt:3      Depths (3/5) D:15
   Hell (1/1)                 Dis (0/7) Hell            Geh (1/7) Hell
    Coc (0/7) Hell            Tar (0/7) Hell

Altars:
Ashenzari
Cheibriados
Dithmenos
Elyvilon
Fedhas
Gozag
Hepliaklqana
Kikubaaqudgha
Makhleb
Nemelex Xobeh
Okawaru
Pakellas
Qazlal
Ru
Sif Muna
Trog
Uskayaw
Vehumet
Xom
Yredelemnul
Zin
The Shining One
Beogh

Shops:
Orc:2 [:%%   Elf:1 ?   Elf:2 [**   Vaults:1 [   Vaults:5 =

Portals:
Hell: Depths:1 Depths:2
Abyss: Depths:2
Pandemonium: Orc:2
Ziggurat: Depths:2

Annotations:
Elf:2 exclusion: upstairs
Depths:3 Nikola


Innate Abilities, Weirdness & Mutations

You have claws for hands.
You are completely covered in iridescent scales. (AC +8)
Your flesh is cold resistant. (rC+)
A powerful demonic guardian rushes to your aid.
A frigid envelope surrounds you and freezes all who hurt you.
You regenerate a lot of health from kills.
You are immune to freezing clouds.
You have a pair of small antennae on your head.
You have sharp toenails.
Your skin changes colour to match your surroundings (Stealth+).
Your mind is acute. (Int +2)
Your body sometimes deteriorates upon taking damage.
Your flesh is almost immune to the effects of heat. (rF+++)
Your natural rate of healing is unusually fast.
You are covered in thick fur. (AC +2)
You evolve.


Message History

The sphere of damnation explodes!
The damnation engulfs you!
The damnation engulfs the Brimstone Fiend.
The Brimstone Fiend completely resists.
The damnation engulfs the hellion.
The hellion completely resists.
You block the Brimstone Fiend's attack. x2
The Brimstone Fiend barely misses you.
The Brimstone Fiend calls on the powers of darkness!
Your body is wracked with pain!
* * * LOW HITPOINT WARNING * * *
You hear a roar!
You slash the Brimstone Fiend!
The Brimstone Fiend is moderately wounded.
The hellion gestures at you.
The sphere of damnation explodes!
The damnation engulfs you!
* * * LOW HITPOINT WARNING * * *
The damnation engulfs the Brimstone Fiend.
The Brimstone Fiend completely resists.
The damnation engulfs the hellion.
The hellion completely resists.
The hellion gestures at you.
The sphere of damnation explodes!
The damnation engulfs you!
You die...

≈§≈....≈≈..#.21§'....#≈..###§§§≈.
≈§≈≈≈≈....>###22##..##..###.§≈#..
≈≈§##§.....## #.#####..####§.≈...
§≈§§≈§####..#. .# #### #.§....#
§##≈..###...#.# .##### #......#
≈##..###..≈...## #1...## #####...
§§≈.###.§##..1{###2....## ##..
§§..###..§§≈...##...≈#≈.######...
.........§.....1@.≈..≈≈..........
§.............2.2≈.......≈≈§§....
§.............≈≈≈≈....§.≈##§§....
§.§≈≈.........≈##§...§§≈≈##§.....
§≈##≈.....≈≈#'#≈§≈§..§##≈§§§.....
#####≈≈≈≈§≈##.##§≈≈≈§§##≈§≈≈≈....
##≈≈≈§##...##§≈≈≈§#§≈≈≈≈≈≈≈§§
######.....########§§###≈≈##
##...## ### ####


You could see 3 Brimstone Fiends, 2 hellions and a friendly cacodemon.

Vanquished Creatures
  3 ancient liches
  24 greater mummies
  Bai Suzhen (Depths:1)
  A golden dragon (Vaults:5)
  Jory (Crypt:3)
  4 Brimstone Fiends (Geh:1)
  2 bone dragons (Abyss:3)
  3 liches
  2 tentacled monstrosities
  3 titans
  A quicksilver dragon (Vaults:5)
  A deep elf master archer (Elf:3)
  Murray (Hell)
  7 ancient champions
  A thorn hunter (Swamp:2)
  4 tentacled starspawn (Abyss:3)
  Gastronok (D:8)
  Kirke (Swamp:1)
  7 sphinxes
  Donald (Orc:2)
  2 storm dragons
  6 tengu reavers
  6 shadow dragons
  4 revenants
  A daeva (Abyss:3)
  An azure jelly (Swamp:4)
  6 fire giants
  The ghost of Shenda the Peltast, an adept VSFi of Okawaru (Depths:1)
  13 vault wardens
  An orc warlord (Orc:2)
  2 ghost moths (Spider:4)
  2 iron dragons
  4 frost giants
  The ghost of Amnesiac the Basher, a journeyman OgNe of Kikubaaqudgha (IceCv)
  8 deep elf sorcerers
  3 curse skulls
  A caustic shrike zombie (Crypt:1)
  6 deep elf elementalists (Elf:3)
  A balrug (Geh:1)
  3 emperor scorpions
  10 ironheart preservers
  19 stone giants
  4 reapers (Hell)
  8 ghouls
  2 entropy weavers
  A juggernaut skeleton (Crypt:2)
  3 war gargoyles (Vaults:5)
  2 bennus
  20 vampire knights
  12 very ugly things
  5 deep elf demonologists
  Azrael (Orc:2)
  A spark wasp (Spider:4)
  12 deep elf annihilators
  7 eidola
  10 ettins
  A blizzard demon (Hell)
  10 crystal guardians
  25 mummy priests
  A merfolk javelineer (Depths:1)
  9 deep elf death magi
  2 quicksilver dragon zombies (Crypt:3)
  The ghost of Shenda the Fencer, a journeyman VSFi of Okawaru (Orc:2)
  A fire dragon (Vaults:1)
  Fannar (Lair:1)
  12 yaktaur captains
  6 deep elf high priests
  5 great orbs of eyes
  39 vault guards
  2 quicksilver dragon skeletons (Geh:1)
  17 jiangshi
  11 ice dragons
  2 spriggan air magi
  3 rakshasas
  6 centaur warriors
  7 hydras
  A hell beast (Hell)
  2 death yaks (Lair:3)
  9 deep troll shamans
  3 catoblepae
  2 ghost crabs (Swamp:4)
  8 ogre magi
  2 death knights
  25 dancing weapons
  23 death scarabs
  12 alligators
  8 deep troll earth magi
  A spriggan berserker (Depths:2)
  16 hell hogs
  9 tengu warriors
  Urug (Lair:2)
  5 orc high priests (Orc:2)
  9 thrashing horrors (Abyss:3)
  2 storm dragon zombies (Crypt:3)
  2 titan zombies
  8 sun demons (Hell)
  18 spriggans
  28 deep elf knights
  2 iron golems
  10 vampire magi
  11 soul eaters
  42 skeletal warriors
  A titan skeleton (Vaults:5)
  4 shadow wraiths
  4 anaconda zombies
  11 hell knights
  2 wretched stars (Abyss:3)
  A spriggan druid (Swamp:3)
  A ghost moth zombie (Geh:1)
  2 giant orange brains
  A storm dragon skeleton (Vaults:5)
  5 iron trolls
  An unseen horror (Vaults:1)
  A quicksilver dragon simulacrum (Crypt:2)
  A torturous demonspawn (Orc:2)
  21 deep trolls
  2 gelid demonspawn (Orc:2)
  2 flayed ghosts (Crypt:2)
  12 deep elf archers
  4 swamp dragons
  A golden dragon skeleton (Tomb:2)
  An orange crystal statue (Tomb:1)
  A shadow dragon zombie (Tomb:1)
  12 necromancers
  3 iron dragon zombies
  9 orc knights
  Pikel (D:6)
  17 ironbrand convokers
  3 wizards
  23 anubis guards
  16 phantasmal warriors
  2 hill giants
  2 shambling mangroves (Swamp:3)
  An anaconda skeleton (Geh:1)
  2 wolf spider zombies
  5 griffons
  62 deep elf magi
  17 orb spiders
  6 orc sorcerers (Orc:2)
  7 hornets
  A tengu skeleton (Vaults:3)
  16 ugly things
  10 harpies
  A shadow dragon skeleton (Tomb:2)
  5 cyclopes
  A human zombie (Vaults:5)
  39 wolf spiders
  2 fire giant zombies
  A frost giant zombie (Geh:1)
  A hornet (shapeshifter) (Vaults:4)
  4 stone giant zombies
  9 elephants
  3 ice statues
  2 moths of wrath
  9 large abominations (Abyss:3)
  5 black mambas
  9 rust devils
  Joseph (D:10)
  A frost giant skeleton (Abyss:3)
  A black mamba (shapeshifter) (Vaults:2)
  2 centaur zombies
  Psyche (D:10)
  An apocalypse crab (Abyss:3)
  2 torpor snails
  2 molten gargoyles (Geh:1)
  6 spiny frogs
  4 gargoyles
  5 smoke demons
  13 vault sentinels
  7 komodo dragons
  A death yak zombie (Crypt:3)
  3 elf zombies
  4 hellions
  11 ice devils
  5 rime drakes
  14 freezing wraiths
  A rime drake (shapeshifter) (Vaults:5)
  2 efreet
  33 yaktaurs
  38 guardian mummies
  2 tormentors (Hell)
  10 demonic crawlers
  2 tengu conjurers
  7 red devils
  3 ancient zymes (Abyss:3)
  A harpy zombie (Crypt:2)
  5 trolls
  4 hellwings
  A catoblepas skeleton (Abyss:3)
  10 giant leeches
  2 jumping spiders (shapeshifter)
  2 hydra zombies
  2 tengu simulacra
  A queen bee (D:14)
  35 jumping spiders
  3 meliai (D:14)
  6 ushabtiu
  Grinder (D:4)
  12 two-headed ogres
  4 polar bears (Lair:6)
  3 raiju (Abyss:3)
  14 blink frogs
  6 bog bodies
  A polar bear (shapeshifter) (Vaults:4)
  A blink frog (shapeshifter) (D:14)
  An ice dragon zombie (Geh:1)
  6 boulder beetles
  18 slime creatures
  A death drake skeleton (Crypt:2)
  5 air elementals
  A stone giant simulacrum (Vaults:3)
  A fire dragon zombie (Geh:1)
  3 hexers
  2 ice dragon skeletons
  A fire dragon skeleton (Geh:1)
  29 flying skulls
  A guardian serpent skeleton (Crypt:3)
  A spriggan skeleton (Depths:2)
  2 ettin skeletons
  7 shadows
  9 water elementals
  24 starcursed masses (Abyss:3)
  2 alligator skeletons (Hell)
  19 vampires (Crypt:3)
  7 wraiths
  75 redbacks
  A redback (shapeshifter) (Vaults:5)
  19 yaks
  2 wyverns (D:15)
  3 ynoxinuls (Abyss:3)
  A black mamba skeleton (Crypt:1)
  26 tarantellas
  8 small abominations
  A human (shapeshifter) (Vaults:4)
  8 hippogriffs
  A neqoxec (Abyss:3)
  16 fire elementals
  A golden eye (shapeshifter) (Elf:2)
  3 hungry ghosts
  7 vampire mosquitoes
  3 swamp worm simulacra (Swamp:4)
  A harpy simulacrum (Abyss:2)
  A mottled dragon (Vaults:1)
  9 wargs
  8 insubstantial wisps
  2 soldier ants
  20 swamp worms
  15 hell hounds
  A soldier ant (shapeshifter) (Vaults:5)
  14 hydra simulacra
  15 water moccasins
  A merfolk skeleton (Crypt:3)
  A swamp drake (shapeshifter) (Vaults:5)
  2 swamp drakes
  9 porcupines
  2 eyes of draining
  A snapping turtle zombie (Crypt:1)
  A black bear (shapeshifter) (Vaults:4)
  10 ice beasts
  4 sky beasts
  A spiny frog skeleton (Hell)
  5 black bears
  A swamp dragon zombie (Crypt:1)
  11 wasps
  39 orc warriors
  6 phantoms
  2 ice dragon simulacra (Crypt:1)
  35 ogres
  10 necrophages
  6 boggarts
  9 centaurs
  30 wolves
  6 big kobolds
  9 crocodiles
  17 giant frogs
  3 earth elementals
  A gnoll sergeant (Orc:2)
  A spiny frog simulacrum (Hell)
  A salamander skeleton (Crypt:1)
  8 scorpions
  A shapeshifter zombie (Crypt:3)
  35 killer bees
  2 howler monkeys (D:9)
  36 wights
  3 electric eels
  9 crimson imps
  A quasit (Abyss:3)
  A giant frog zombie (D:12)
  6 hounds
  2 iron imps
  2 draconian simulacra (IceCv)
  28 orc wizards
  34 orc priests
  A giant frog skeleton (D:5)
  3 gnoll shamans
  13 jellies
  7 centaur skeletons
  An iguana (shapeshifter) (Vaults:5)
  A human skeleton (Crypt:1)
  9 iguanas
  11 worker ants
  2 troll simulacra (IceCv)
  A porcupine skeleton (Crypt:3)
  3 spriggan simulacra (IceCv)
  10 sheep
  A dwarf zombie (Crypt:2)
  A demigod zombie (Crypt:1)
  2 big kobold skeletons (Crypt:3)
  A centaur simulacrum (IceCv)
  A mottled dragon skeleton (Crypt:1)
  An ogre skeleton (Crypt:1)
  A howler monkey zombie (D:6)
  39 mummies
  A worker ant zombie (D:9)
  17 gnolls
  A howler monkey skeleton (D:8)
  9 adders
  A naga simulacrum (IceCv)
  An ogre simulacrum (IceCv)
  53 river rats
  A steam dragon skeleton (Crypt:2)
  2 shadow imps
  An ooze (Lair:6)
  4 swamp drake simulacra (Swamp:4)
  An adder zombie (D:8)
  13 worms
  6 dart slugs (D:5)
  4 giant geckos
  83 orcs
  2 giant cockroaches
  A gnoll zombie (Crypt:3)
  6 goblins
  4 hobgoblins
  3 jackals
  5 quokkas
  6 bats
  A giant gecko skeleton (D:7)
  A giant gecko zombie (D:5)
  4 giant newts
  A giant newt zombie (Crypt:3)
  A gnoll skeleton (Crypt:3)
  A goblin skeleton (Crypt:2)
  19 kobolds
  11 rats
  4 briar patches (Swamp:2)
  A butterfly (Lair:4)
  A fungus (Lair:5)
  2 plants
  A starspawn tentacle (Abyss:3)
2534 creatures vanquished.

Vanquished Creatures (collateral kills)
  6 greater mummies
  A golden dragon (Vaults:5)
  Geryon (Hell)
  A Brimstone Fiend (Geh:1)
  A tentacled monstrosity (Vaults:5)
  A titan (Vaults:5)
  A shadow dragon (Vaults:5)
  An eldritch tentacle (Geh:1)
  A storm dragon (Vaults:5)
  A tengu reaver (Vaults:5)
  A revenant (Crypt:2)
  A deep elf sorcerer (Vaults:4)
  A ghost moth (Spider:4)
  2 fire giants (Vaults:5)
  A vault warden (Vaults:4)
  2 frost giants
  A balrug (Geh:1)
  An emperor scorpion (Spider:4)
  A ghoul (Crypt:2)
  3 ironheart preservers
  2 entropy weavers (Spider:4)
  4 stone giants
  A deep elf demonologist (Vaults:4)
  A very ugly thing (Depths:3)
  A bennu (Tomb:2)
  A deep elf annihilator (Elf:3)
  2 ettins (Vaults:5)
  3 yaktaur captains
  5 mummy priests
  A crystal guardian (Elf:3)
  5 jiangshi
  A rakshasa (Vaults:1)
  A great orb of eyes (Vaults:5)
  2 hydras
  5 vault guards
  A centaur warrior (D:15)
  An ogre mage (Vaults:4)
  Erica (D:10)
  6 death scarabs
  A dancing weapon (Elf:1)
  3 vampire magi
  A titan zombie (Crypt:2)
  2 deep elf knights
  A shadow wraith (Crypt:1)
  A titan skeleton (Tomb:1)
  9 skeletal warriors
  An iron troll (Depths:1)
  2 hell knights
  2 deep trolls (Depths:1)
  2 deep elf archers
  A flayed ghost (Vaults:5)
  3 unseen horrors
  2 hill giants (D:11)
  2 phantasmal warriors (Crypt:1)
  A golden dragon skeleton (Geh:1)
  3 ironbrand convokers
  An orb spider (Spider:2)
  A stone giant zombie (Geh:1)
  5 deep elf magi
  3 anubis guards
  2 wolf spiders
  A fire giant zombie (Geh:1)
  2 griffons
  2 ugly things
  An orc sorcerer (Vaults:2)
  2 hornets
  A cyclops (D:12)
  Maurice (Orc:1)
  A frost giant skeleton (Geh:1)
  2 ice statues
  A vault sentinel (Vaults:5)
  A black mamba (Lair:6)
  2 centaur zombies (D:14)
  A smoke demon (Geh:1)
  A centaur skeleton (D:12)
  A molten gargoyle (Geh:1)
  A dire elephant skeleton (Tomb:1)
  A demonic crawler (Spider:2)
  A yaktaur (shapeshifter) (Elf:2)
  A hellion (Hell)
  13 yaktaurs
  A tengu conjurer (D:14)
  An ice devil (Hell)
  7 guardian mummies
  6 jumping spiders
  2 two-headed ogres
  A tarantella zombie (Crypt:2)
  A raiju (Abyss:3)
  A spriggan zombie (Depths:2)
  Prince Ribbit (D:6)
  7 blink frogs
  3 ushabtiu
  5 slime creatures
  An air elemental (Elf:3)
  An ettin skeleton (Geh:1)
  6 redbacks
  A spriggan (Lair:6)
  3 flying skulls
  3 tarantellas
  A shadow (Swamp:4)
  A ynoxinul (Abyss:3)
  6 fire elementals
  2 vampires (Crypt:3)
  3 wraiths
  A yak (Lair:5)
  A water elemental (Hell)
  A hungry ghost (D:12)
  2 vampire mosquitoes (Swamp:3)
  3 swamp worms
  A hydra simulacrum (Swamp:4)
  3 insubstantial wisps
  A porcupine (Lair:2)
  2 orc warriors
  2 hell hounds
  A black bear (D:9)
  A black bear (shapeshifter) (Vaults:3)
  A swamp drake (Swamp:4)
  A sky beast (D:6)
  A starcursed mass (Abyss:3)
  A wasp (Swamp:3)
  An eye of draining (Abyss:3)
  13 ogres
  A wolf (Lair:1)
  A boggart (D:15)
  2 centaurs
  2 crocodiles
  3 big kobolds
  3 giant frogs
  A killer bee (D:14)
  A wight (Crypt:3)
  A howler monkey (D:9)
  2 crimson imps
  A quasit (Abyss:3)
  A giant frog skeleton (D:12)
  A gnoll shaman (D:7)
  An iguana (Lair:1)
  2 orc wizards
  A worker ant (D:8)
  2 sheep (Lair:5)
  A hound zombie (D:5)
  A hound skeleton (D:7)
  8 mummies
  4 gnolls
  5 river rats
  A shadow imp (D:6)
  An ufetubus (Abyss:3)
  A swamp drake simulacrum (Swamp:4)
  A halfling zombie (Crypt:2)
  2 worms (Spider:3)
  2 dart slugs (D:5)
  13 orcs
  2 giant cockroaches (D:7)
  A jackal (Sewer)
  4 kobolds
  A giant newt (D:6)
  A jackal zombie (D:5)
  A briar patch (Swamp:2)
  A plant (Spider:3)
337 creatures vanquished.

Vanquished Creatures (others)
  An iron dragon (Hell)
  An orc warlord (Vaults:3)
  A stone giant (Vaults:5)
  An ironheart preserver (Vaults:4)
  A very ugly thing (Depths:3)
  A bennu (Tomb:1)
  Nessos (Orc:2)
  A blizzard demon (Hell)
  A yaktaur captain (Vaults:3)
  33 death scarabs
  A soul eater (Hell)
  A deep elf knight (Vaults:1)
  A skeletal warrior (Hell)
  2 deep elf magi (Elf:1)
  An ugly thing (Depths:3)
  A cyclops (Vaults:1)
  7 yaktaurs
  An ice devil (Hell)
  2 guardian mummies (Tomb:2)
  8 flying skulls
  2 redbacks (Spider:2)
  4 humans (Swamp:1)
  A golden eye (Abyss:3)
  An ogre (D:6)
  2 small abominations
  55 hexers
  A crimson imp (Hell)
  A quasit (Abyss:3)
  An orc wizard (Orc:2)
  5 sheep (Lair:6)
  7 mummies (Tomb:2)
  An orc (D:6)
  A goblin (D:6)
  A kobold (D:7)
  A briar patch (Swamp:2)
  13 eldritch tentacle segments (Geh:1)
  11 fungi
  10 plants
  9 starspawn tentacles (Abyss:3)
  329 starspawn tentacle segments (Abyss:3)
523 creatures vanquished.

Grand Total: 3394 creatures vanquished

Notes
Turn   | Place    | Note
-------+----------+-------------------------------------------
     0 | D:1      | matakusis the Demonspawn Gladiator began the quest for the Orb.
     0 | D:1      | Reached XP level 1. HP: 16/16 MP: 1/1
   261 | D:1      | Gained mutation: You are partially covered in iridescent scales. (AC +4) [demonic ancestry]
   261 | D:1      | Reached XP level 2. HP: 22/22 MP: 2/2
   845 | D:2      | Gained mutation: You regenerate a little health from kills. [demonic ancestry]
   845 | D:2      | Reached XP level 3. HP: 17/27 MP: 3/3
   965 | D:2      | Found a glowing golden altar of the Shining One.
   965 | D:2      | Found a radiant altar of Vehumet.
   965 | D:2      | Found a burning altar of Makhleb.
   966 | D:2      | Found a glowing silver altar of Zin.
  1499 | D:2      | Gained mutation: Your flesh is heat resistant. (rF+) [potion of mutation]
  1499 | D:2      | Gained mutation: Armour fits poorly on your strangely shaped body. [potion of mutation]
  1499 | D:2      | Gained mutation: Your mind is acute. (Int +2) [potion of mutation]
  1500 | D:2      | Gained mutation: You are clumsy. (Dex -2) [potion of mutation]
  1500 | D:2      | Gained mutation: Your system is resistant to poisons. (rPois) [potion of mutation]
  1501 | D:2      | Gained mutation: You have a pair of small horns on your head. [potion of mutation]
  1501 | D:2      | Lost mutation: Your mind is acute. (Int +2) [potion of mutation]
  1501 | D:2      | Gained mutation: Your spells are a little harder to cast, but a little more powerful. [potion of mutation]
  1502 | D:2      | Gained mutation: You possess an exceptional clarity of mind. [potion of beneficial mutation]
  1550 | D:3      | Found a glowing drain.
  1563 | D:3      | Gained mutation: A weak demonic guardian rushes to your aid. [demonic ancestry]
  1563 | D:3      | Reached XP level 4. HP: 21/33 MP: 4/4
  1612 | Sewer    | Entered a sewer
  1673 | Sewer    | Noticed a big kobold
  1683 | Sewer    | Killed a big kobold
  1683 | Sewer    | Reached XP level 5. HP: 39/39 MP: 5/5
  1715 | Sewer    | Found a white marble altar of Elyvilon.
  1786 | D:3      | Found a blossoming altar of Fedhas.
  1898 | D:3      | Found a sparkling altar of Nemelex Xobeh.
  2325 | D:3      | Noticed a phantom
  2330 | D:3      | Killed a phantom
  2330 | D:3      | Reached XP level 6. HP: 45/47 MP: 6/6
  2438 | D:4      | Reached skill level 5 in Dodging
  2948 | D:4      | Reached XP level 7. HP: 32/54 MP: 7/7
  3052 | D:4      | Noticed Grinder
  3053 | D:4      | Paralysed by Grinder for 5 turns
  3070 | D:4      | Killed Grinder
  3478 | D:4      | Reached skill level 5 in Fighting
  3510 | D:4      | Found a staircase to the Ecumenical Temple.
  3518 | Temple   | Entered the Ecumenical Temple
  3764 | Temple   | Became a worshipper of Hepliaklqana
  3930 | D:4      | Reached skill level 5 in Long Blades
  3930 | D:4      | Reached XP level 8. HP: 62/62 MP: 8/8
  3975 | D:5      | Entered Level 5 of the Dungeon
  3985 | D:5      | Lost mutation: You have a pair of small horns on your head. [potion of cure mutation]
  3985 | D:5      | Lost mutation: Armour fits poorly on your strangely shaped body. [potion of cure mutation]
  3985 | D:5      | Lost mutation: Your spells are a little harder to cast, but a little more powerful. [potion of cure mutation]
  3985 | D:5      | Lost mutation: Your system is resistant to poisons. (rPois) [potion of cure mutation]
  3985 | D:5      | Lost mutation: You possess an exceptional clarity of mind. [potion of cure mutation]
  3986 | D:5      | Lost mutation: You are clumsy. (Dex -2) [potion of cure mutation]
  4230 | D:5      | Gained mutation: You have an increased reservoir of magic. (+10% MP) [potion of beneficial mutation]
  4656 | D:6      | Noticed Prince Ribbit
  4668 | D:6      | Killed Prince Ribbit
  4922 | D:6      | Noticed Pikel
  4932 | D:6      | Killed Pikel
  4937 | D:6      | Gained mutation: You regenerate health from kills. [demonic ancestry]
  4937 | D:6      | Reached XP level 9. HP: 34/69 MP: 9/9
  5233 | D:6      | Reached * piety under Hepliaklqana
  5413 | D:6      | Gained mutation: You are covered in fur. (AC +1) [potion of mutation]
  5552 | D:6      | Reached skill level 1 in Armour
  5779 | D:7      | Noticed a dagger
  5780 | D:7      | Noticed a hand axe
  5782 | D:7      | Found a hide-covered altar of Uskayaw.
  5787 | D:7      | Got a jewelled plate armour
  5798 | D:7      | Identified the +11 plate armour "Zilae" {Int+3 Dex-2 Stlth+} (You found it on level 7 of the Dungeon)
  6404 | D:7      | Gained mutation: You are mostly covered in iridescent scales. (AC +6) [demonic ancestry]
  6404 | D:7      | Reached XP level 10. HP: 78/79 MP: 11/11
  7299 | D:8      | Reached ** piety under Hepliaklqana
  7301 | D:8      | Remembered your ancestor Tenoch as a hexer
  7353 | D:8      | Noticed Gastronok
  7371 | D:8      | Killed Gastronok
  7371 | D:8      | Reached skill level 5 in Armour
  7980 | D:9      | Found an oddly glowing altar of Pakellas.
  8190 | D:9      | Found a staircase to the Lair.
  8387 | D:9      | Gained mutation: You have sharp fingernails. [demonic ancestry]
  8387 | D:9      | Reached XP level 11. HP: 79/90 MP: 12/12
  8571 | D:10     | Entered Level 10 of the Dungeon
  8573 | D:10     | Noticed Joseph
  8596 | D:10     | Killed Joseph
  8652 | D:10     | Reached skill level 10 in Fighting
  8707 | D:10     | Noticed Erica
  8713 | D:10     | Killed Erica
  8751 | D:10     | Killed an unseen horror
  8913 | D:10     | Noticed Psyche
  8919 | D:10     | Killed Psyche
  9178 | D:10     | Found a portal to a secret trove of treasure.
  9206 | D:10     | Gained mutation: You are resistant to electric shocks. (rElec) [mutagenic meat]
  9209 | D:10     | Gained mutation: Scrolls take you a little longer to read. [mutagenic meat]
  9212 | D:10     | Gained mutation: You have a pair of small horns on your head. [mutagenic meat]
  9508 | D:10     | Reached *** piety under Hepliaklqana
  9968 | D:11     | Noticed a hill giant
  9976 | D:11     | Killed a hill giant
 10090 | D:11     | Noticed a hill giant
 10099 | D:11     | Killed a hill giant
 10343 | D:12     | Reached skill level 10 in Long Blades
 10394 | D:12     | Noticed a green ugly thing
 10412 | D:12     | Killed a green ugly thing
 10490 | D:12     | Reached **** piety under Hepliaklqana
 10532 | D:12     | Gained mutation: You have very sharp fingernails. [demonic ancestry]
 10532 | D:12     | Reached XP level 12. HP: 100/100 MP: 13/13
 10649 | D:12     | Found a staircase to the Orcish Mines.
 11101 | D:13     | Noticed a centaur warrior
 11114 | D:13     | Killed a centaur warrior
 11238 | D:13     | Noticed a catoblepas
 11248 | D:13     | Killed a catoblepas
 11375 | D:13     | Found a gate to the Vaults.
 11375 | D:13     | Noticed a vault guard
 11375 | D:13     | Noticed a vault guard
 11375 | D:13     | Noticed a vault guard
 11376 | D:13     | Noticed a vault guard
 11394 | D:13     | Killed a vault guard
 11406 | D:13     | Killed a vault guard
 11414 | D:13     | Killed a vault guard
 11430 | D:13     | Killed a vault guard
 11464 | D:13     | Gained mutation: Armour fits poorly on your strangely shaped body. [mutagenic meat]
 11467 | D:13     | Gained mutation: You are resistant to hostile enchantments. (MR+) [mutagenic meat]
 11630 | D:13     | Noticed a six-headed hydra
 11634 | D:13     | Killed a four-headed hydra
 11689 | D:13     | Reached XP level 13. HP: 91/109 MP: 14/14
 12843 | D:15     | Entered Level 15 of the Dungeon
 12843 | D:15     | Reached ***** piety under Hepliaklqana
 12987 | D:15     | Reached skill level 10 in Armour
 13094 | D:15     | Noticed an ettin
 13104 | D:15     | Killed an ettin
 13145 | D:15     | Found a staircase to the Depths.
 13732 | D:15     | Reached skill level 1 in Shields
 14203 | Lair:1   | Entered Level 1 of the Lair of Beasts
 14320 | Lair:1   | Gained mutation: You have claws for hands. [demonic ancestry]
 14320 | Lair:1   | Reached XP level 14. HP: 120/120 MP: 15/15
 14322 | Lair:1   | Noticed Fannar
 14346 | Lair:1   | Killed Fannar
 14731 | Lair:1   | Identified the +7 glaive of Jycorphai {chop, Fragile rPois rN+ Dex+3} (You found it on level 1 of the Lair of Beasts)
 15266 | Lair:2   | Noticed Urug
 15280 | Lair:2   | Killed Urug
 15947 | Lair:3   | Reached skill level 2 in Shields
 16204 | Lair:3   | Reached skill level 3 in Shields
 16633 | Lair:3   | Found a hole to the Spider Nest.
 16890 | Lair:4   | Found a frozen archway.
 16912 | IceCv    | Entered an ice cave
 16931 | IceCv    | Noticed Amnesiac's ghost (journeyman OgNe)
 16988 | IceCv    | Killed Amnesiac's ghost
 17634 | IceCv    | Identified 3 scrolls of acquirement
 17643 | IceCv    | Got a faintly glowing shield
 17654 | IceCv    | Identified the +1 shield of Honesty {Str+3 Int+3 Dex+4} (You acquired it in an ice cave)
 17668 | IceCv    | Got a steaming cloak
 17679 | IceCv    | Identified the +2 cloak of Intuition {rPois Slay+2} (You acquired it in an ice cave)
 17686 | IceCv    | Got a pair of brightly glowing boots
 17697 | IceCv    | Identified the +0 pair of boots of Ziys {Str+9 Int-3 Dex+3 Stlth-} (You acquired it in an ice cave)
 17811 | Lair:4   | Found a staircase to the Swamp.
 17828 | Lair:4   | Reached skill level 4 in Shields
 17937 | Lair:4   | Reached skill level 15 in Fighting
 17968 | Lair:4   | Reached ****** piety under Hepliaklqana
 19018 | Lair:6   | Entered Level 6 of the Lair of Beasts
 19024 | Lair:6   | Reached skill level 5 in Shields
 19024 | Lair:6   | Gained mutation: You are completely covered in iridescent scales. (AC +8) [demonic ancestry]
 19024 | Lair:6   | Reached XP level 15. HP: 129/129 MP: 16/16
 19164 | Lair:6   | Found a staircase to the Slime Pits.
 19447 | Lair:6   | Reached skill level 6 in Shields
 19632 | Lair:6   | Found a shimmering altar of Xom.
 20122 | Lair:6   | Got a steaming silver ring
 20134 | Lair:6   | Identified the ring of Exiutz {+Inv rC+ Str+6} (You found it on level 6 of the Lair of Beasts)
 20484 | Orc:1    | Entered Level 1 of the Orcish Mines
 20631 | Orc:1    | Noticed Maurice
 20636 | Orc:1    | Killed Maurice
 20821 | Orc:2    | Entered Level 2 of the Orcish Mines
 20827 | Orc:2    | Noticed an orc warlord
 20837 | Orc:2    | Killed an orc warlord
 20889 | Orc:2    | Found a staircase to the Elven Halls.
 20902 | Orc:2    | Noticed Azrael
 20927 | Orc:2    | Killed Azrael
 20927 | Orc:2    | Reached skill level 7 in Shields
 21011 | Orc:2    | Found a roughly hewn altar of Beogh.
 21308 | Orc:2    | Noticed Donald
 21320 | Orc:2    | Killed Donald
 21534 | Orc:2    | Noticed Nessos
 21552 | Orc:2    | Killed Nessos
 21628 | Orc:2    | Found Allumeha's Food Shop.
 21631 | Orc:2    | Found Hoixzu's Food Boutique.
 21853 | Orc:2    | Reached skill level 8 in Shields
 22035 | Orc:2    | Found Xaoxou's Book Shoppe.
 22035 | Orc:2    | Found Yheomil's Antique Armour Emporium.
 22042 | Orc:2    | Found a one-way gate leading to the halls of Pandemonium.
 22069 | Orc:2    | Bought a manual of Dodging for 1656 gold pieces
 22258 | Orc:2    | Gained mutation: Your flesh is cold resistant. (rC+) [demonic ancestry]
 22258 | Orc:2    | Reached XP level 16. HP: 138/138 MP: 17/17
 22270 | Orc:2    | Noticed Shenda's ghost (journeyman VSFi)
 22276 | Orc:2    | Killed Shenda's ghost
 22326 | Elf:1    | Entered Level 1 of the Elven Halls
 22343 | Elf:1    | Reached skill level 9 in Shields
 22804 | Elf:1    | Gained mutation: Your muscles are strong. (Str +2) [mutagenic meat]
 22812 | Elf:1    | Reached skill level 10 in Shields
 22911 | Elf:1    | Gained mutation: Scrolls take you longer to read. [potion of mutation]
 22911 | Elf:1    | Gained mutation: You have large cloven feet. [potion of mutation]
 22912 | Elf:1    | Lost mutation: You are resistant to hostile enchantments. (MR+) [potion of mutation]
 22912 | Elf:1    | Gained mutation: You are dopey. (Int -2) [potion of mutation]
 22913 | Elf:1    | Lost mutation: Your muscles are strong. (Str +2) [potion of mutation]
 22918 | Elf:1    | Gained mutation: Your spells are a little harder to cast, but a little more powerful. [potion of beneficial mutation]
 23012 | Elf:1    | Found Qieguaw's Magic Scroll Shop.
 23021 | Elf:1    | Bought a scroll of blinking for 90 gold pieces
 23021 | Elf:1    | Bought a scroll of teleportation for 36 gold pieces
 23021 | Elf:1    | Bought a scroll of brand weapon for 240 gold pieces
 23021 | Elf:1    | Bought a scroll of teleportation for 36 gold pieces
 23192 | Elf:1    | Cast into level 2 of the Abyss (a deep elf sorcerer)
 23263 | Elf:1    | Escaped the Abyss
 23274 | Elf:1    | Identified Pytomnet's Grimoire of Creative Confrontation
 23472 | Elf:2    | Found Zaoc's Assorted Antiques.
 23737 | Elf:2    | Reached skill level 11 in Shields
 23807 | Elf:2    | Found Ufath's Assorted Antiques.
 23875 | Elf:2    | Found Vorch's Antique Armour Shop.
 24048 | Elf:2    | Found a runed gate.
 24048 | Elf:2    | Found a runed gate.
 24050 | Elf:2    | Found a runed gate.
 24423 | Elf:2    | Reached XP level 17. HP: 146/146 MP: 14/18
 24502 | Elf:2    | Reached skill level 12 in Shields
 24609 | Elf:3    | Entered Level 3 of the Elven Halls
 25063 | Elf:3    | Noticed a deep elf master archer
 25092 | Elf:3    | Killed a deep elf master archer
 25094 | Elf:3    | Cast into level 2 of the Abyss (a deep elf demonologist)
 25136 | Elf:3    | Escaped the Abyss
 25150 | Elf:3    | Reached skill level 10 in Dodging
 25229 | Elf:3    | Reached skill level 13 in Shields
 25673 | Elf:3    | Got a slimy dagger {speed}
 25816 | Elf:3    | Identified the +9 dagger "Odety" {speed, -Tele rElec rN+ Stlth+} (You took it off a deep elf mage on level 3 of the Elven Halls)
 26258 | Elf:3    | Got a warped pewter ring
 26335 | Elf:3    | Got a slimy turquoise ring
 26338 | Elf:3    | Identified the ring "Gazulif" {Ice rElec Int+3} (You took it off a deep elf mage on level 3 of the Elven Halls)
 26341 | Elf:3    | Identified the ring of Dul Yqug {rC+ MR+ MP+9 Int+2} (You took it off a deep elf death mage on level 3 of the Elven Halls)
 26399 | Elf:3    | Reached skill level 14 in Shields
 26407 | Elf:3    | Got a heavily runed swamp dragon armour
 26438 | Elf:3    | Identified the +8 swamp dragon armour "Welleucoyx" {rPois Int+4 Stlth-} (You found it on level 3 of the Elven Halls)
 26454 | Elf:3    | Identified the cursed +0 scale mail of Moguruo {rCorr Int-2 Dex+9} (You found it on level 3 of the Elven Halls)
 26950 | Spider:1 | Entered Level 1 of the Spider Nest
 26993 | Spider:1 | Lost mutation: You are resistant to electric shocks. (rElec) [potion of cure mutation]
 26993 | Spider:1 | Lost mutation: Armour fits poorly on your strangely shaped body. [potion of cure mutation]
 26993 | Spider:1 | Lost mutation: You have large cloven feet. [potion of cure mutation]
 26993 | Spider:1 | Lost mutation: You have a pair of small horns on your head. [potion of cure mutation]
 26993 | Spider:1 | Lost mutation: Scrolls take you longer to read. [potion of cure mutation]
 26993 | Spider:1 | Lost mutation: Your flesh is heat resistant. (rF+) [potion of cure mutation]
 26993 | Spider:1 | Lost mutation: Scrolls take you a little longer to read. [potion of cure mutation]
 27068 | Spider:1 | Gained mutation: You are immune to freezing clouds. [demonic ancestry]
 27068 | Spider:1 | Reached XP level 18. HP: 155/155 MP: 19/19
 28434 | Spider:3 | Reached skill level 15 in Shields
 28879 | Spider:3 | Identified the +7 spear "Ennodod" {flame, MR+ Str+4 Int+4} (You found it on level 3 of the Spider Nest)
 29279 | Spider:4 | Entered Level 4 of the Spider Nest
 30097 | Spider:4 | Reached skill level 16 in Shields
 30333 | Spider:4 | Reached XP level 19. HP: 163/163 MP: 20/20
 30349 | Spider:4 | Got a gossamer rune of Zot
 30496 | Spider:4 | Upgraded the game from 0.19-a0-1002-g674d22e to 0.19-a0-1007-g133f65f
 30877 | D:10     | You paid a toll of 3 potions of resistance to enter a treasure trove
 30878 | Trove    | Entered a treasure trove
 30886 | Trove    | Got a scorched lapis lazuli ring
 30896 | Trove    | Got a flickering ruby amulet
 30898 | Trove    | Got a brightly glowing ivory amulet
 30902 | Trove    | Got a brightly glowing silver amulet
 30911 | Trove    | Identified the ring "Gure" {*Drain +Fly EV+4 Dex+2} (You found it in a treasure trove)
 30925 | Trove    | Identified the amulet "Berojeh" {Faith rN+ Str+3 Int-3} (You found it in a treasure trove)
 30928 | Trove    | Identified the amulet of the Shining Light {Spirit Str+6} (You found it in a treasure trove)
 30931 | Trove    | Identified the amulet of Gakeimyo {Harm *Drain SInv} (You found it in a treasure trove)
 30943 | Trove    | Got a smoking zirconium amulet
 30950 | Trove    | Identified the amulet "Ussor" {Dismiss rF+ rC+} (You found it in a treasure trove)
 31194 | Depths:1 | Entered Level 1 of the Depths
 31250 | Depths:1 | Noticed Bai Suzhen
 31443 | Depths:1 | Gained mutation: You have sharp toenails. [mutagenic meat]
 31446 | Depths:1 | Gained mutation: You have razor-sharp toenails. [mutagenic meat]
 31449 | Depths:1 | Lost mutation: Your spells are a little harder to cast, but a little more powerful. [mutagenic meat]
 31463 | Depths:1 | Noticed Shenda's ghost (adept VSFi)
 31486 | Depths:1 | Killed Shenda's ghost
 31601 | Depths:1 | Killed Bai Suzhen
 31601 | Depths:1 | Reached skill level 15 in Long Blades
 31637 | Depths:1 | Gained mutation: You evolve. [mutagenic meat]
 31640 | Depths:1 | Lost mutation: You are dopey. (Int -2) [mutagenic meat]
 31703 | Depths:1 | Got a shimmering amber ring
 31708 | Depths:1 | Identified the ring of Mistrust {rPois rF- AC+3 Int+3} (You found it on level 1 of the Depths)
 31983 | Depths:1 | Found a gateway to Hell.
 32261 | Depths:2 | Gained mutation: Scrolls take you a little longer to read. [mutagenic meat]
 32264 | Depths:2 | Gained mutation: Your system is resistant to poisons. (rPois) [mutagenic meat]
 32270 | Depths:2 | Gained mutation: Your flesh is very cold resistant. (rC++) [mutagenic meat]
 32273 | Depths:2 | Lost mutation: Scrolls take you a little longer to read. [mutagenic meat]
 32282 | Depths:2 | Gained mutation: Your mind is acute. (Int +2) [mutagenic meat]
 32285 | Depths:2 | Lost mutation: You have razor-sharp toenails. [mutagenic meat]
 32634 | Depths:2 | Found a gateway to a ziggurat.
 32663 | Depths:2 | Reached skill level 17 in Shields
 32758 | Depths:2 | Found a one-way gate to the infinite horrors of the Abyss.
 33481 | Depths:3 | Reached XP level 20. HP: 165/172 MP: 22/22
 33505 | Depths:3 | Lost mutation: You have an increased reservoir of magic. (+10% MP) [mutagenic meat]
 33508 | Depths:3 | Gained mutation: Armour fits poorly on your strangely shaped body. [mutagenic meat]
 33511 | Depths:3 | Gained mutation: You are frail. (-10% HP) [mutagenic meat]
 33653 | Depths:3 | Noticed Nikola
 34242 | Elf:2    | Bought a potion of cure mutation for 900 gold pieces
 34242 | Elf:2    | Lost mutation: Your mind is acute. (Int +2) [potion of cure mutation]
 34242 | Elf:2    | Lost mutation: Your flesh is very cold resistant. (rC++) [potion of cure mutation]
 34242 | Elf:2    | Lost mutation: You are frail. (-10% HP) [potion of cure mutation]
 34242 | Elf:2    | Lost mutation: You have sharp toenails. [potion of cure mutation]
 34242 | Elf:2    | Lost mutation: Your system is resistant to poisons. (rPois) [potion of cure mutation]
 34607 | Spider:4 | Lost mutation: Armour fits poorly on your strangely shaped body. [potion of mutation]
 34607 | Spider:4 | Gained mutation: You are dopey. (Int -2) [potion of mutation]
 34607 | Spider:4 | Gained mutation: You are clumsy. (Dex -2) [potion of mutation]
 34608 | Spider:4 | Gained mutation: Your flesh is heat resistant. (rF+) [potion of mutation]
 34608 | Spider:4 | Gained mutation: You have supernaturally acute eyesight. (SInv) [potion of mutation]
 34817 | Swamp:1  | Entered Level 1 of the Swamp
 34861 | Swamp:1  | Noticed Kirke
 34884 | Swamp:1  | Killed Kirke
 35948 | Swamp:2  | Gained mutation: Your flesh is very heat resistant. (rF++) [evolution]
 36506 | Swamp:3  | Got a faintly glowing cloak
 36517 | Swamp:3  | Identified the +0 cloak of Polytheism {Dex+5} (You acquired it on level 3 of the Swamp)
 36771 | Swamp:4  | Entered Level 4 of the Swamp
 37333 | Swamp:4  | Reached skill level 18 in Shields
 37371 | Swamp:4  | Got a decaying rune of Zot
 37893 | Vaults:1 | Entered Level 1 of the Vaults
 38351 | Vaults:1 | Gained mutation: You have a pair of small antennae on your head. [mutagenic meat]
 38354 | Vaults:1 | Gained mutation: You have sharp toenails. [mutagenic meat]
 38357 | Vaults:1 | Gained mutation: You have a pair of antennae on your head. [mutagenic meat]
 38366 | Vaults:1 | Gained mutation: Armour fits poorly on your strangely shaped body. [mutagenic meat]
 38429 | Vaults:1 | Found Pongo's Antique Armour Shoppe.
 39294 | Vaults:2 | Reached XP level 21. HP: 181/181 MP: 21/21
 39523 | Vaults:2 | Identified Dosietit's Almanac of the Congealing Birds
 39902 | Vaults:2 | Reached skill level 19 in Shields
 40458 | Vaults:3 | Gained mutation: Your spells are a little harder to cast, but a little more powerful. [mutagenic meat]
 40464 | Vaults:3 | Gained mutation: Your muscles are strong. (Str +2) [mutagenic meat]
 40482 | Vaults:3 | Lost mutation: You are dopey. (Int -2) [evolution]
 40644 | Vaults:3 | Cast into level 3 of the Abyss (a deep elf sorcerer)
 41110 | Vaults:3 | Escaped the Abyss
 41137 | Vaults:3 | Reached skill level 15 in Armour
 41483 | Vaults:3 | Found a staircase to the Crypt.
 41512 | Vaults:3 | Reached skill level 20 in Shields
 41933 | Vaults:3 | Lost mutation: Your muscles are strong. (Str +2) [mutagenic meat]
 42149 | Vaults:3 | Gained mutation: A demonic guardian rushes to your aid. [demonic ancestry]
 42149 | Vaults:3 | Reached XP level 22. HP: 190/190 MP: 22/22
 42441 | Vaults:3 | Got a fine long sword {slice}
 42444 | Vaults:3 | Identified the +1 long sword "Ogiery" {slice, *Contam rF+++ MR+++} (You took it off a vault guard on level 3 of the Vaults)
 42467 | Vaults:3 | Lost mutation: You have supernaturally acute eyesight. (SInv) [mutagenic glow]
 42467 | Vaults:3 | Gained mutation: Scrolls take you a little longer to read. [mutagenic glow]
 42587 | Vaults:3 | Lost mutation: You are clumsy. (Dex -2) [potion of beneficial mutation]
 42820 | Vaults:4 | Lost mutation: You have a pair of antennae on your head. [mutagenic meat]
 42826 | Vaults:4 | Gained mutation: Your skin changes colour to match your surroundings (Stealth+). [mutagenic meat]
 42829 | Vaults:4 | Lost mutation: Your spells are a little harder to cast, but a little more powerful. [mutagenic meat]
 42835 | Vaults:4 | Gained mutation: You are occasionally teleported next to monsters. [mutagenic meat]
 43551 | Vaults:4 | Reached skill level 21 in Shields
 44013 | Vaults:5 | Entered Level 5 of the Vaults
 44523 | Vaults:5 | Noticed a golden dragon
 44548 | Vaults:5 | Noticed a golden dragon
 44571 | Vaults:5 | Killed a golden dragon
 44571 | Vaults:5 | Reached XP level 23. HP: 66/200 MP: 23/23
 44598 | Vaults:5 | HP: 4/200 [ettin/dire flail (11)]
 44682 | Vaults:5 | Lost mutation: Scrolls take you a little longer to read. [mutagenic meat]
 44688 | Vaults:5 | Lost mutation: You are occasionally teleported next to monsters. [mutagenic meat]
 45126 | Vaults:5 | Found Zibicse's Jewellery Boutique.
 45189 | Vaults:5 | Identified the +1 robe of Fortification {MP+9 Slay+3} (You took it off a deep elf death mage on level 5 of the Vaults)
 45378 | Vaults:5 | Gained mutation: Your natural rate of healing is unusually fast. [mutagenic meat]
 45381 | Vaults:5 | Lost mutation: Armour fits poorly on your strangely shaped body. [mutagenic meat]
 45495 | Vaults:5 | Noticed an ancient lich
 45505 | Vaults:5 | Killed an ancient lich
 45505 | Vaults:5 | Reached skill level 22 in Shields
 45599 | Vaults:5 | Got an iridescent scimitar {freeze}
 45634 | Vaults:5 | Identified the Tome of Protection
 45639 | Vaults:5 | Identified the +4 scimitar of Classification {freeze, Str+2} (You took it off a deep elf knight on level 5 of the Vaults)
 45816 | Vaults:5 | Got a silver rune of Zot
 46149 | Vaults:5 | Gained mutation: Potions and wands are less effective at restoring your health. [evolution]
 46336 | Vaults:5 | Got a crude ivory ring
 46410 | Vaults:5 | Identified the cursed +1 war axe of Deformation {chop, *Corrode +Rage rPois rN+} (You took it off a deep elf archer on level 5 of the Vaults)
 46837 | Crypt:1  | Entered Level 1 of the Crypt
 47104 | Crypt:1  | Gained mutation: You are covered in thick fur. (AC +2) [potion of mutation]
 47121 | Crypt:1  | Identified the ring of Manegare {*Confuse rC+ MR++} (You took it off a vault warden on level 5 of the Vaults)
 47708 | Crypt:2  | Gained mutation: Your mind is acute. (Int +2) [potion of beneficial mutation]
 47818 | Crypt:2  | Reached XP level 24. HP: 210/210 MP: 23/23
 48194 | Crypt:2  | Noticed a greater mummy
 48200 | Crypt:2  | Noticed a greater mummy
 48200 | Crypt:2  | Noticed a greater mummy
 48208 | Crypt:2  | Killed a greater mummy
 48217 | Crypt:2  | Killed a greater mummy
 48225 | Crypt:2  | Killed a greater mummy
 48642 | Crypt:2  | Reached skill level 23 in Shields
 48784 | Crypt:3  | Entered Level 3 of the Crypt
 49494 | Crypt:3  | Found a staircase to the Tomb.
 49723 | Crypt:3  | Noticed Jory
 49745 | Crypt:3  | Killed Jory
 49828 | Crypt:3  | Got a coiled iron amulet
 49829 | Crypt:3  | Identified the amulet "Tenewim" {rN++ Regen+} (You took it off a vampire on level 3 of the Crypt)
 50034 | Crypt:3  | Got a heavily runed lead ring
 50191 | Crypt:3  | Identified the ring "Yragerr" {rPois rN+ MR+} (You took it off a vampire knight on level 3 of the Crypt)
 50197 | Crypt:3  | Identified the Reference Book on Destructive Heat (You found it on level 3 of the Crypt)
 50302 | Crypt:3  | Got a fine iron ring
 50303 | Crypt:3  | Identified the ring "Saixt" {rN+ MP+9 Dex+3} (You found it on level 3 of the Crypt)
 50616 | Tomb:1   | Entered Level 1 of the Tomb of the Ancients
 51122 | Tomb:1   | Noticed a greater mummy
 51139 | Tomb:1   | Killed a greater mummy
 51316 | Tomb:1   | Noticed a greater mummy
 51330 | Tomb:1   | Noticed a greater mummy
 51332 | Tomb:1   | Killed a greater mummy
 51353 | Tomb:1   | Killed a greater mummy
 51439 | Tomb:1   | Gained mutation: A frigid envelope surrounds you and freezes all who hurt you. [demonic ancestry]
 51439 | Tomb:1   | Reached XP level 25. HP: 217/217 MP: 17/23
 51442 | Tomb:1   | Got a warped jade ring
 51443 | Tomb:1   | Identified the ring of Siekluifi {MR+ Str+6} (You found it on level 1 of the Tomb of the Ancients)
 51633 | Tomb:2   | Noticed an ancient lich
 51641 | Tomb:2   | Noticed a greater mummy
 51643 | Tomb:2   | Noticed an ancient lich
 51658 | Tomb:2   | Killed an ancient lich
 51661 | Tomb:2   | Noticed a greater mummy
 51667 | Tomb:2   | Killed a greater mummy
 51682 | Tomb:2   | Killed a greater mummy
 51694 | Tomb:2   | Killed an ancient lich
 51807 | Tomb:2   | Reached skill level 24 in Shields
 52092 | Tomb:2   | Lost mutation: Potions and wands are less effective at restoring your health. [potion of mutation]
 52166 | Tomb:1   | Noticed a greater mummy
 52166 | Tomb:1   | Noticed a greater mummy
 52166 | Tomb:1   | Noticed a greater mummy
 52170 | Tomb:1   | Noticed a greater mummy
 52170 | Tomb:1   | Noticed a greater mummy
 52279 | Tomb:1   | Killed a greater mummy
 52422 | Tomb:1   | Killed a greater mummy
 52430 | Tomb:2   | Killed a greater mummy
 52590 | Tomb:1   | Killed a greater mummy
 52595 | Tomb:1   | Noticed a greater mummy
 52959 | Tomb:1   | Killed a greater mummy
 52970 | Tomb:1   | Killed a greater mummy
 53028 | Tomb:1   | Noticed a greater mummy
 53044 | Tomb:1   | Killed a greater mummy
 53162 | Tomb:1   | Noticed a greater mummy
 53177 | Tomb:1   | Killed a greater mummy
 53325 | Tomb:1   | Noticed a greater mummy
 53349 | Tomb:1   | Killed a greater mummy
 53413 | Tomb:1   | Noticed a greater mummy
 53436 | Tomb:1   | Killed a greater mummy
 53560 | Tomb:1   | Noticed a greater mummy
 53564 | Tomb:1   | Noticed a greater mummy
 53567 | Tomb:1   | Killed a greater mummy
 53569 | Tomb:1   | Noticed a greater mummy
 53571 | Tomb:1   | Killed a greater mummy
 53582 | Tomb:1   | Killed a greater mummy
 53810 | Tomb:3   | Entered Level 3 of the Tomb of the Ancients
 53829 | Tomb:3   | Noticed a greater mummy
 53833 | Tomb:3   | Noticed a greater mummy
 54022 | Tomb:2   | Killed a greater mummy
 54200 | Tomb:3   | Noticed a greater mummy
 54220 | Tomb:2   | Killed a greater mummy
 54296 | Tomb:2   | Killed a greater mummy
 54408 | Tomb:2   | Gained mutation: Your flesh is almost immune to the effects of heat. (rF+++) [evolution]
 54472 | Tomb:3   | Gained mutation: You regenerate a lot of health from kills. [demonic ancestry]
 54472 | Tomb:3   | Reached XP level 26. HP: 221/221 MP: 23/23
 54663 | Tomb:3   | Noticed a greater mummy
 54672 | Tomb:3   | Killed a greater mummy
 54676 | Tomb:3   | Reached skill level 25 in Shields
 54763 | Tomb:3   | Noticed a greater mummy
 54779 | Tomb:3   | Killed a greater mummy
 54846 | Tomb:3   | Noticed a greater mummy
 54855 | Tomb:3   | Noticed a greater mummy
 54857 | Tomb:3   | Killed a greater mummy
 54871 | Tomb:3   | Killed a greater mummy
 55017 | Tomb:3   | Noticed a greater mummy
 55018 | Tomb:3   | Noticed a greater mummy
 55028 | Tomb:3   | Killed a greater mummy
 55068 | Tomb:3   | Killed a greater mummy
 55497 | Tomb:3   | Got a golden rune of Zot
 55594 | Tomb:3   | Identified Cuweerr's Grimoire of Blistering Stones
 55757 | Tomb:3   | Identified the +3 ring mail of a bailey {rF+ Int+4 Dex+2} (You found it on level 3 of the Tomb of the Ancients)
 55892 | Tomb:3   | Identified a +8 rod of clouds (13/13) (You found it on level 3 of the Tomb of the Ancients)
 55899 | Tomb:3   | Got an ivory flail
 55908 | Tomb:3   | Got a scorched trident
 55910 | Tomb:3   | Got a translucent hand axe
 55918 | Tomb:3   | Got a coiled tin ring
 55927 | Tomb:3   | Got a translucent scimitar
 55937 | Tomb:3   | Identified the +8 flail "matakusis's Bane" {holy, MR+ MP+9 Str+4 Dex+2} (You found it on level 3 of the Tomb of the Ancients)
 55939 | Tomb:3   | Identified the cursed +1 trident of the Hidden Vale {drain, rPois MR- Str+4} (You found it on level 3 of the Tomb of the Ancients)
 55941 | Tomb:3   | Identified the +7 hand axe of the Exiled Runes {chop, rF- MR++ Int+5} (You found it on level 3 of the Tomb of the Ancients)
 55943 | Tomb:3   | Identified the +9 scimitar of Cheibriados's Hatred {venom, rN+ Int+3} (You found it on level 3 of the Tomb of the Ancients)
 55945 | Tomb:3   | Identified the ring "Mulen" {rElec rC++ Str+3 Int-2 Stlth+} (You found it on level 3 of the Tomb of the Ancients)
 56464 | Hell     | Entered the Vestibule of Hell
 56464 | Hell     | Noticed Geryon
 56480 | Hell     | Killed Geryon
 56503 | Hell     | Noticed Murray
 56503 | Hell     | Cast into level 3 of the Abyss (reaper)
 56757 | Abyss:3  | Gained mutation: Your body sometimes deteriorates upon taking damage. [a neqoxec]
 56958 | Hell     | Escaped the Abyss
 57026 | Hell     | Killed Murray
 57136 | Hell     | Found a gateway to the Iron City of Dis.
 57241 | Hell     | Found a gateway to the freezing wastes of Cocytus.
 57531 | Hell     | Found a gateway to the decaying netherworld of Tartarus.
 57810 | Hell     | Found a gateway to the ashen valley of Gehenna.
 58018 | Geh:1    | Entered Level 1 of Gehenna
 58468 | Geh:1    | Found a huge runed gate.
 58473 | Geh:1    | Found a huge runed gate.
 58473 | Geh:1    | Found a huge runed gate.
 58473 | Geh:1    | Found a huge runed gate.
 58476 | Geh:1    | Found a huge runed gate.
 58476 | Geh:1    | Found a huge runed gate.
 58476 | Geh:1    | Found a huge runed gate.
 58476 | Geh:1    | Found a huge runed gate.
 58476 | Geh:1    | Found a huge runed gate.
 58484 | Geh:1    | Found a huge runed gate.
 58485 | Geh:1    | Found a huge runed gate.
 58515 | Geh:1    | Found a huge runed gate.
 58515 | Geh:1    | Found a huge runed gate.
 58516 | Geh:1    | Found a huge runed gate.
 58588 | Geh:1    | Found a huge runed gate.
 58591 | Geh:1    | Found a huge runed gate.
 58591 | Geh:1    | Found a huge runed gate.
 58591 | Geh:1    | Found a huge runed gate.
 58591 | Geh:1    | Found a huge runed gate.
 58640 | Geh:1    | Found a huge runed gate.
 58645 | Geh:1    | Found a huge runed gate.
 58645 | Geh:1    | Found a huge runed gate.
 58750 | Geh:1    | Found a huge runed gate.
 58750 | Geh:1    | Found a huge runed gate.
 58773 | Geh:1    | Found a huge runed gate.
 58773 | Geh:1    | Found a huge runed gate.
 58776 | Geh:1    | Found a huge runed gate.
 58796 | Geh:1    | Found a huge runed gate.
 58913 | Geh:1    | Gained mutation: A powerful demonic guardian rushes to your aid. [demonic ancestry]
 58913 | Geh:1    | Reached XP level 27. HP: 80/239 MP: 23/23
 59103 | Geh:1    | Paralysed by an eldritch tentacle for 7 turns
 59269 | Geh:1    | Killed from afar by a hellion

Vault maps used:
D:1:      minmay_arrival_radiant_lines, minivault_19, minmay_pentomino_w2
D:2:      grunt_temple_overflow_open
D:3:      fedhas_altar_1, nemelex_xobeh_ov_fountains_minmay, first_bread,
          portal_sewer_entry_a
D:4:      uniq_grinder
D:5:      kennysheep_slugbush
D:6:      corexii_shack, uniq_pikel, uniq_prince_ribbit1
D:7:      kennysheep_seaside_town, dancing_weapons_uskayaw
D:8:      uniq_gastronok
D:9:      lemuel_doored_altar, lair_0_dummy
D:10:     enter_trove_0, uniq_erica, uniq_psyche, uniq_joseph
D:12:     orc_0_dummy, grunt_ogre_cave, serial_bayou_lagoon_a
D:13:     lightli_vaults_fourway_checkpoint
D:14:     special_room, corexii_hall_statues_i
D:15:     hangedman_depths_entry_civil_slaughter, minmay_misc_feat_hallway
Temple:   minmay_temple_curvy_branch
Lair:1:   wad_woods_river_01, infiniplex_staircase_pool_2, uniq_fannar
Lair:2:   lemuel_another_geyser, lemuel_fruit_fields, uniq_urug
Lair:3:   nicolae_spider_entry_tight_spaces, lemuel_fruit_fields,
          serial_bayou_shore_a, grunt_megastairs_5
Lair:4:   minmay_swamp_entry_worms, portal_ice_cave_entry_ice_beasts
Lair:5:   grunt_megastairs_3
Lair:6:   minmay_lair_end_enchanted_forest, minmay_slime_entry_jelly_boxes,
          kb_xom_exploding_sheep, lemuel_fruit_tree
Swamp:1:  nicolae_swamp_trees_clearing, uniq_kirke
Swamp:2:  serial_swamp_ruin, evilmike_swamp_ruin_house_3,
          evilmike_swamp_ruin_rubble_1, evilmike_swamp_ruin_house_4
Swamp:3:  nicolae_swamp_dense_foliage, swamp_pool3
Swamp:4:  swamp_icy, swamp_pool3
Spider:2: guppyfry_spider_mini_3
Spider:3: nicolae_spider_mines_1, worms_lemuel
Spider:4: grunt_spider_rune_island
Orc:1:    serial_shops, uniq_maurice
Orc:2:    pf_orc_diabolical, basic_altar, uniq_donald, uniq_azrael, uniq_nessos
Elf:1:    serial_shops, nicolae_shop_crystal, minmay_elf_sorcery
Elf:2:    serial_shops, shop, shop, shop_statue, hex_intersection, st_stairs_10
Elf:3:    minmay_elf_hall_golems
Vaults:1: nicolae_vaults_fighting_squares, ontoclasm_vaults_bender,
          vaults_room_grid, vaults_mumra_chevron, v_misc_32, v_pattern_1,
          v_alt_pattern_1, v_misc_13, vaults_room_corners, vaults_dpeg_diagonal,
          serial_shops, shop_fountains
Vaults:2: vaults_room_stairs_pillars, kb_rosetta, v_misc_11,
          hangedman_vaults_stitches, hangedman_vaults_variations, v_misc_22,
          nicolae_vaults_asterisk, vaults_room_door_ring,
          hangedman_vaults_locks, ontoclasm_vaults_ring_square,
          vaults_mumra_hexcomb, nicolae_vaults_theta,
          nicolae_vaults_little_squares_2
Vaults:3: minmay_crypt_entry_simple_plaza, nicolae_vaults_triangles,
          ontoclasm_vaults_hangar, vaults_dpeg_hooks, st_greater_box_3,
          hangedman_vaults_maws, v_misc_8, v_misc_14, hangedman_vaults_corner,
          grunt_vaults_diagonal, vaults_room_stairs_pillars,
          nicolae_vaults_three_branches, vaults_mumra_hex
Vaults:4: vaults_room_grid, v_alt_pattern_2, v_misc_26, ontoclasm_vaults_hangar,
          vaults_dpeg_cross, nicolae_vaults_octagons, vaults_room_semicircle,
          vaults_mumra_chevron_long, vaults_room_semicircle,
          nicolae_vaults_little_squares_5, hangedman_vaults_trim,
          grunt_vaults_hallway_short
Crypt:1:  grunt_crypt_arrival_split
Crypt:2:  minmay_guarded_unrand_sceptre_of_torment, st_stairs_11
Crypt:3:  due_elkab, tomb_entry_shell_bobbens
Depths:1: hex_tiny, hell_entry, spider_trap, kennysheep_generic_room_13,
          uniq_bai_suzhen
Depths:2: minmay_glassy_protrusions, enter_ziggurat_e, hell_entry,
          abyss_entry_crystal, infiniplex_staircase_spiral_double
Depths:3: minmay_octagon_city, rand_demon_pan_entry_9, hell_entry,
          minmay_shoptagon, uniq_nikola
Geh:1:    door_vault
Abyss:3:  evilmike_abyss_exit_7, evilmike_abyss_exit_vortex,
          hangedman_abyss_or_decor_jellyfish_corner,
          hangedman_abyss_feature_spike, patterned_corridor
Trove:    trove_jewel_2
Sewer:    sewer_kobolds
IceCv:    ice_cave_tombish

Skill      XL: |  1  2  3  4  5  6  7  8  9 10 11 12 13 14 15 16 17 18 19 20 21 22 23 24 25 26 27 |
---------------+----------------------------------------------------------------------------------+-----
Long Blades    | 3 4 5 6 7 8 10 11 12 13 14 15 16 17 | 17.0
Dodging        | 3 4 5 6 7 8 9 10 11 12 13 14 | 14.0
Fighting       | 3 4 5 6 7 9 11 12 14 15 16 17 18 19 20 21 22 23 24 | 24.5
Armour         | 3 5 7 9 10 11 12 13 14 15 16 17 | 17.4
Shields        | 1 5 8 11 14 16 17 18 20 21 22 23 24 25 | 25.9
Throwing       | |  1.7

Action                   |  1- 3 |  4- 6 |  7- 9 | 10-12 | 13-15 | 16-18 | 19-21 | 22-24 | 25-27 || total
-------------------------+-------+-------+-------+-------+-------+-------+-------+-------+-------++-------
Melee: Long sword        |   114 |   108 |   308 |   110 |       |       |       |       |       ||   640
       Headbutt          |     1 |    14 |     5 |   107 |   436 |   214 |       |       |       ||   777
       Great sword       |       |       |       |   183 |       |       |       |       |       ||   183
       Scimitar          |       |       |       |   450 |  1475 |  1300 |  1733 |  2070 |  1622 ||  8650
Invok: Ancestor Life: He |       |       |       |     1 |       |       |       |       |       ||     1
       Recall Ancestor   |       |       |       |       |     1 |     2 |     1 |     3 |     3 ||    10
 Abil: Evoke Flight      |       |       |       |       |       |       |     1 |       |       ||     1
Evoke: Wand              |       |       |       |       |       |     3 |       |     2 |     2 ||     7
       Box of beasts     |       |       |       |       |       |       |       |     1 |       ||     1
  Use: Scroll            |    12 |     2 |     8 |    10 |    16 |    20 |    16 |    16 |    19 ||   119
       Potion            |     4 |     5 |     4 |     1 |     6 |    12 |     5 |    14 |     7 ||    58
 Stab: Sleeping          |     1 |     3 |       |       |       |       |       |       |       ||     4
       Distracted        |       |       |     2 |     9 |    11 |     9 |    14 |    22 |    15 ||    82
       Confused          |       |       |       |     6 |    12 |     7 |    81 |   110 |    38 ||   254
       Paralysed         |       |       |       |       |    19 |    38 |    85 |    64 |    56 ||   262
  Eat: Chunk             |     2 |     5 |    11 |    32 |    22 |    22 |    52 |    23 |       ||   169
       Pizza             |       |       |       |       |     4 |     1 |     1 |       |     3 ||     9
       Meat ration       |       |       |       |       |     1 |     2 |     4 |     5 |     5 ||    17
       Royal jelly       |       |       |       |       |     1 |       |     1 |       |       ||     2
       Beef jerky        |       |       |       |       |       |       |     1 |       |       ||     1
Armor: Leather armour    |    27 |    27 |    31 |       |       |       |       |       |       ||    85
       Plate armour      |       |       |    81 |   389 |   563 |   585 |   549 |   528 |   492 ||  3187
       Skin              |       |       |       |       |    12 |       |       |       |       ||    12
Dodge: Dodged            |    72 |    50 |   137 |   264 |   447 |   573 |   559 |   534 |   472 ||  3108
Block: Other             |       |       |    47 |   131 |    47 |       |       |       |       ||   225
       Reflection        |       |       |       |     6 |    18 |    44 |    80 |    53 |     1 ||   202
       Buckler           |       |       |       |       |   159 |       |       |       |       ||   159
       Shield            |       |       |       |       |   536 |  1302 |  1465 |  1581 |  1004 ||  5888
       Large shield      |       |       |       |       |       |       |       |       |   416 ||   416
